 Dungeon Crawl Stone Soup version 0.27.1-15-g792fb953b9 (webtiles) character file.

Game seed: 4588674167760375921

373 unlimited1921 the Ducker (level 6, 0/61 HPs)
             Began as a Troll Fighter on Nov 20, 2021.
             Was an Initiate of Gozag.
             Succumbed to a water moccasin's poison
             ... on level 4 of the Dungeon.
             The game lasted 00:21:59 (3610 turns).

unlimited1921 the Ducker (Troll Fighter)            Turns: 3610, Time: 00:22:00

Health: 0/61       AC:  4    Str: 30 (32) XL:     6   Next: 43%
Magic:  5/5        EV:  8    Int:  3 (4)  God:    Gozag
Gold:   94         SH:  9    Dex:  8 (10) Spells: 5/5 levels left

rFire    . . .     SeeInvis .   a - +0 long sword
rCold    . . .     Faith    .   c - +0 kite shield
rNeg     . . .     Spirit   .   b - +0 robe
rPois    .         Reflect  .   (helmet restricted)
rElec    .         Harm     .   (no cloak)
rCorr    .         Rampage  .   (gloves unavailable)
Will     .....                  (boots unavailable)
Stlth    +.........             (no amulet)
HPRegen  1.20/turn              l - +6 ring of strength
MPRegen  0.09/turn              (no ring)

@: lethally poisoned (0 -> -2), very slightly contaminated, invisible
A: large, unfitting armour, claws 3, regeneration 1, shaggy fur 1, tough skin 1
a: Renounce Religion, Potion Petition, Call Merchant, Bribe Branch


You were on level 4 of the Dungeon.
You worshipped Gozag.
Gozag was noncommittal.
You visited 2 branches of the dungeon, and saw 6 of its levels.
You also visited: Sewer.

You collected 133 gold pieces.
You paid 39 gold pieces to Gozag.

Inventory:

Hand Weapons
 a - a +0 long sword (weapon)
 o - a +0 short sword of protection
 r - a +0 hand crossbow
 u - a +0 whip of flaming
Missiles
 h - 21 poisoned darts (quivered)
 s - 40 bolts
Armour
 b - a +0 robe (worn)
 c - a +0 kite shield (worn)
Jewellery
 l - a +6 ring of strength (left claw)
Scrolls
 e - a scroll of amnesia {unknown}
 f - 3 scrolls of teleportation {unknown}
 g - a scroll of holy word
 i - a scroll of enchant armour
 j - a scroll of silence
 m - a scroll of magic mapping
 p - 2 scrolls of brand weapon {unknown}
Potions
 n - a potion of berserk rage {unknown}
 t - a potion of magic {unknown}
 x - a potion of resistance {unknown}


   Skills:
 + Level 3.3 Fighting
 + Level 0.1(1.9) Short Blades
 + Level 3.2 Long Blades
 + Level 3.8 Dodging
 + Level 0.1 Stealth
 + Level 3.6 Shields


You had 5 spell levels left.
You didn't know any spells.
Your spell library contained the following spells:

 Spells                   Type           Power      Damage    Failure   Level
 Summon Small Mammal      Summ           0%         N/A       89%         1
 Call Canine Familiar     Summ           0%         N/A       99%         3
 Summon Guardian Golem    Hex/Summ       0%         N/A       99%         3


Dungeon Overview and Level Annotations

Branches:
Dungeon (5/15)             Temple (1/1) D:4           Sewer (visited)

Altars:
Ashenzari
Cheibriados
Dithmenos
Elyvilon
Fedhas
Gozag
Kikubaaqudgha
Makhleb
Nemelex Xobeh
Sif Muna
Trog
Uskayaw
Wu Jian
Xom
Yredelemnul

Shops:
D:2 (   D:4 ((


Innate Abilities, Weirdness & Mutations

You are too large for most types of armour.
You have claws for hands.
Your natural rate of healing is unusually fast.
You are covered in fur. (AC +1)
You have tough skin. (AC +1)


Message History

You feel much better.
You feel very sick.
You block the water moccasin's attack. x2
You barely miss the water moccasin.
The water moccasin is heavily wounded.
You feel very sick. You block the water moccasin's attack.
The water moccasin bites you.
You are more poisoned.
The water moccasin poisons you!
You are too injured to fight recklessly!
You are too injured to fight recklessly!
You are too injured to fight recklessly!
You are too injured to fight recklessly!
You are too injured to fight recklessly!
You feel very sick.
You feel very sick.
You feel very sick. The water moccasin bites you!
* * * LOW HITPOINT WARNING * * *
You feel very sick.
You feel sick. The water moccasin bites you.
* * * LOW HITPOINT WARNING * * *
You are lethally poisoned!
The water moccasin poisons you!
* * * LOW HITPOINT WARNING * * *
You feel very sick.
As you read the scroll of fear, it crumbles to dust.
You assume a fearsome visage.
The water moccasin looks frightened!
* * * LOW HITPOINT WARNING * * *
You feel very sick.
It was a potion of invisibility.
You fade into invisibility!
* * * LOW HITPOINT WARNING * * *
You feel sick.
You are very lightly contaminated with residual magic.
It was a potion of degeneration.
There was something very wrong with that liquid.
You feel weakened.
You feel dopey.
You feel clumsy.
You die...
Your body crumbles into a pile of gold.

....#.#......♣._.♣...###....#.#
....#.####...........#......#.#
....#.# #.#≈..♣..≈#........#.#
....#.# #.#≈≈...≈≈#........#.#
....#.# #.###...###........#.#
#####.# #...........#......#.#
......# ###..########......#.#
####### #...##...##########.#
.....######....(@...S.........#
###.##....##..........#########
# #.......#.[........##
######....#..........########
#...##....+...........(.....#
###...................#####.# #
#.......##..#..>..........#
######....###.#.#...#########
#...####+.###.#.#...........#


You could see a water moccasin (fleeing).

Vanquished Creatures
  Purgy (D:3)
  3 vampire bats (D:3)
  A hound (D:5)
  A jelly (D:3)
  An iguana (D:4)
  An adder (D:2)
  A worm (D:2)
  2 orcs
  6 ball pythons
  3 bats
  4 bat skeletons (D:3)
  2 bat zombies (D:3)
  4 endoplasms
  8 giant cockroaches
  3 goblins
  2 hobgoblins
  3 jackals
  A quokka (D:3)
  2 frilled lizards (D:1)
  9 kobolds
  A bush (D:1)
59 creatures vanquished.

Notes
Turn   | Place    | Note
-------+----------+-------------------------------------------
     0 | D:1      | unlimited1921 the Troll Fighter began the quest for the
                  | Orb.
     0 | D:1      | Reached XP level 1. HP: 22/22 MP: 0/0
   774 | D:1      | Reached XP level 2. HP: 29/29 MP: 1/1
   892 | D:2      | Found Foyw Pifi's Antique Weapon Shoppe.
  1169 | D:2      | Reached XP level 3. HP: 36/36 MP: 2/2
  1442 | D:3      | Found a glowing drain.
  1454 | Sewer    | Entered a sewer
  1589 | Sewer    | Noticed Purgy
  1658 | D:3      | Found a blossoming altar of Fedhas.
  1698 | D:3      | Killed Purgy
  1699 | D:3      | Reached XP level 4. HP: 26/45 MP: 3/3
  1699 | D:3      | Reached XP level 5. HP: 31/53 MP: 4/4
  1903 | D:3      | Found an ancient bone altar of Kikubaaqudgha.
  1929 | D:3      | Reached XP level 6. HP: 61/61 MP: 5/5
  2038 | D:3      | Found a hide-covered altar of Uskayaw.
  2298 | D:4      | Found Teassip's Antique Weapon Shoppe.
  2442 | D:4      | Found Awujide's Antique Weapon Shop.
  2594 | D:4      | Found a white marble altar of Elyvilon.
  3038 | D:4      | Found a staircase to the Ecumenical Temple.
  3043 | Temple   | Entered the Ecumenical Temple
  3054 | Temple   | Became a worshipper of Gozag Ym Sagoz the Greedy
  3368 | D:5      | Entered Level 5 of the Dungeon
  3386 | D:5      | Noticed a water moccasin
  3607 | D:4      | HP: 3/61 [poisoned by a water moccasin]
  3608 | D:4      | HP: 1/61 [poisoned by a water moccasin]
  3610 | D:4      | Succumbed to a water moccasin's poison

Illustrated notes

Levels and vault maps discovered:
D:1:      matt_arrival_los_fun, layout_basic, minmay_hedge_maze,
          due_unseen_surprise
D:2:      layout_rooms, serial_shops, shop
D:3:      layout_basic, nicolae_uskayaw_murder_on_the_dancefloor,
          mainiacjoe_overflow_tiny_flanked, kennysheep_vampire_church,
          gup_sewer_entry_pipe
D:4:      layout_gridville, elyvilon_altar_4, temple_doors_ab, serial_shops,
          nicolae_lakefront_shop, serial_co_window_serial,
          co_window_of_opportunity_a, co_window_of_opportunity_a,
          co_window_corner_a, co_window_cross_1, co_window_paths_a,
          co_window_broadway_c, co_window_of_opportunity_c, co_window_corner_b,
          co_window_corner_cb, co_window_unsneaky_path_e, co_window_corner_cb,
          glass_columns_a, glass_columns_a, glass_columns_c, glass_columns_c,
          glass_columns_c, nicolae_stop_n_shop_1
D:5:      layout_basic
Temple:   cyrus_circular_temple

Skill      XL: |  1  2  3  4  5 |
---------------+----------------+-----
Long Blades    | 2 3 |  3.2
Fighting       | 3 |  3.3
Dodging        | 3 |  3.8
Shields        | 3 |  3.6
Short Blades   | |  0.1
Stealth        | |  0.1

Action                   |  1- 3 |  4- 6 || total
-------------------------+-------+-------++-------
Melee: Long sword        |   194 |    65 ||   259
       Short sword       |       |    54 ||    54
       Whip              |       |    19 ||    19
Throw: Dart              |     1 |       ||     1
  Use: Potion            |     1 |     6 ||     7
       Scroll            |       |     6 ||     6
Armor: Robe              |    67 |    68 ||   135
Dodge: Dodged            |    67 |    76 ||   143
Block: Kite shield       |    89 |   127 ||   216
       Rpst.: Long sword |    20 |    10 ||    30
